 Seeded DCSS version 0.29-a0-857-g9b1aa3ac5b (webtiles) character file.

Game seed: 8897551386731462229 (custom seed)

3903 wilfster70 the Thaumaturge (level 10, 0/72 HPs)
             Began as a Djinni Air Elementalist on July 17, 2022.
             Was a Priest of Makhleb.
             Slain by a scorpion (4 damage)
             ... summoned by Amaemon
             ... on level 8 of the Dungeon.
             The game lasted 00:28:23 (10451 turns).

wilfster70 the Thaumaturge (DjAE)                  Turns: 10451, Time: 00:28:24

Health: 0/72       AC:  6    Str:  7    XL:     10   Next: 43%
Gold:   528        EV: 12    Int: 22    God:    Makhleb [***...] SH:  0 Dex: 13

rFire   + + +      SeeInvis .   a - +1 trident (protect)
rCold   . . .      Faith    .   (no shield)
rNeg    . . .      Spirit   .   c - +0 robe
rPois   ∞          Reflect  .   (no helmet)
rElec   +          Harm     .   B - +0 cloak
rCorr   +          Rampage  .   e - +2 pair of gloves
Will    +....                   (boots unavailable)
Stlth   ++........              l - amulet of the acrobat
HPRegen 0.22/turn               (no ring)
MPRegen 0.00/turn               (no ring)

@: resistant, flying, studying 2 skills
A: sickness immunity, fire resistance 2, cold vulnerability 1, float, innate
caster, HP casting, extra vitality 1
a: Renounce Religion, Minor Destruction, Lesser Servant of Makhleb


You were on level 8 of the Dungeon.
You worshipped Makhleb.
Makhleb was most pleased with you.
You visited 1 branch of the dungeon, and saw 8 of its levels.
You also visited: Ossuary.

You collected 528 gold pieces.

Inventory:

Hand Weapons
 a - a +1 trident of protection (weapon)
Missiles
 d - 2 javelins
Armour
 c - a +0 robe (worn)
 e - a +2 pair of gloves (worn)
 B - a +0 cloak (worn)
Jewellery
 l - an amulet of the acrobat (around neck)
 u - a ring of fire
Wands
 b - a wand of light (7)
 m - a wand of flame (13)
 q - a wand of digging (6)
 y - a wand of charming (10)
 A - a wand of roots (2)
 E - a wand of mindburst (9)
Scrolls
 g - 3 scrolls of poison {unknown}
 k - 5 scrolls of teleportation
 n - 5 scrolls of blinking
 o - 3 scrolls of amnesia {unknown}
 t - a scroll of fear {unknown}
 w - a scroll of torment {unknown}
 x - a scroll of silence {unknown}
 z - a scroll of fog {unknown}
 C - a scroll of immolation {unknown}
 G - a scroll of magic mapping
Potions
 f - 3 potions of resistance
 h - a potion of invisibility {unknown}
 i - a potion of heal wounds {unknown}
 j - a potion of brilliance {unknown}
 p - 5 potions of curing
 r - a potion of attraction {unknown}
 s - a potion of lignification
 v - 3 potions of mutation
 D - 3 potions of haste
 F - a potion of magic {unknown}


   Skills:
 - Level 6.0 Fighting
 - Level 6.0 Polearms
 - Level 2.1 Dodging
 - Level 1.5 Stealth
 + Level 8.4 Spellcasting
 - Level 4.0 Invocations
 - Level 4.0 Evocations


You had 6 spell levels left.
You knew the following spells:

 Your Spells              Type           Power      Damage    Failure   Level
a - Shock                 Conj/Air       100%       1d9       1%          1
b - Searing Ray           Conj           92%        2d7       1%          2
c - Swiftness             Air            46%        N/A       1%          3
d - Airstrike             Air            23%        0-8+      2%          4
e - Magic Dart            Conj           100%       1d8       1%          1
f - Static Discharge      Conj/Air       46%        3-9/arc   1%          2
g - Ensorcelled Hibernat  Hex/Ice        92%        N/A       1%          2
h - Dispel Undead         Necr           46%        3d18      2%          4
Your spell library was empty.

Dungeon Overview and Level Annotations

Branches:
Dungeon (8/15)             Temple (0/1) D:7         Ossuary (visited)
   Lair: D:8-11

Altars:
Cheibriados
Fedhas
Gozag
Hepliaklqana
Makhleb
Ru
Trog
Xom
Yredelemnul
The Shining One

Annotations:
D:4 2 transporters, exclusion: downstairs, jt's ghost, amateur PaHW
D:5 Blork the orc
D:7 3 runed translucent doors, Peppero's ghost, novice DrFE
D:8 Amaemon


Innate Abilities, Weirdness & Mutations

You are immune to sickness and miasma.
You are immune to poison.
Your flesh is very heat resistant. (rF++)
You are vulnerable to cold. (rC-)
You float through the air rather than walking.
You learn spells naturally, not from books.
Your magical power is your life essence.
You have superior vitality. (+4 MHP)


Message History

You feel better.
The scorpion stings you but does no damage.
Casting: Airstrike (dangerous; 2% risk of failure)
Confirm with . or Enter, or press ? or * to list all spells.
Aiming: Airstrike (dangerous; 2% risk of failure)
Press: ? - help, Dir - move target, f/p - Amaemon
Aim: Amaemon, wielding a +1 demon whip of venom (severely wounded, empty space bonus: 0/8)
The air twists around and strikes Amaemon.
Amaemon is severely wounded.
* * * LOW HITPOINT WARNING * * *
The scorpion closely misses you.
Casting: Airstrike (dangerous; 2% risk of failure)
Confirm with . or Enter, or press ? or * to list all spells.
Okay, then.
Unknown command.
You feel better. The scorpion stings you.
* * * LOW HITPOINT WARNING * * *
Amaemon casts a spell at the scorpion.
The scorpion seems to grow toxic.
Casting: Airstrike (dangerous; 2% risk of failure)
Confirm with . or Enter, or press ? or * to list all spells.
Aiming: Airstrike (dangerous; 2% risk of failure)
Press: ? - help, Dir - move target, f/p - Amaemon
Aim: Amaemon, wielding a +1 demon whip of venom (severely wounded, empty space bonus: 0/8)
The air twists around and strikes Amaemon.
Amaemon is almost dead.
* * * LOW HITPOINT WARNING * * *
The scorpion barely misses you.
Amaemon gestures at the scorpion while chanting.
The scorpion seems to grow toxic.
Casting: Airstrike (dangerous; 2% risk of failure)
Confirm with . or Enter, or press ? or * to list all spells.
Aiming: Airstrike (dangerous; 2% risk of failure)
Press: ? - help, Dir - move target, f/p - Amaemon
Aim: Amaemon, wielding a +1 demon whip of venom (almost dead, empty space bonus: 1/8)
The air twists around and strikes Amaemon.
Amaemon is almost dead.
* * * LOW HITPOINT WARNING * * *
The scorpion closely misses you. The scorpion stings you.
You die...

######### #..@sss6#
#.#####s# ##...ss..#
######
#.....##.#######.....
*#..#.##.#(........##
#.........#####.#.##
#.......### #.#...
##.#.##.# #.###.
#......# #.....


You could see Amaemon and 4 scorpions.

Vanquished Creatures
  Pikel (D:5)
  An orange demon (D:8)
  3 yaks (D:8)
  Menkaure (D:7)
  A sky beast (D:7)
  3 ice beasts (D:6)
  2 black bears
  2 ogres
  A phantom (D:6)
  A centaur (D:6)
  An elf zombie (Ossuary)
  3 kobold brigands
  A bullfrog (D:7)
  2 scorpions
  A necrophage (D:7)
  5 wights (D:7)
  3 centaur zombies (Ossuary)
  4 orc priests
  3 hounds
  Crazy Yiuf (D:6)
  2 human zombies (Ossuary)
  2 iguanas
  4 orc wizards
  2 killer bee zombies (D:7)
  2 mummies (Ossuary)
  12 adders
  7 gnolls (D:3)
  A shadow imp (D:7)
  2 white imps (D:5)
  An adder zombie (Ossuary)
  3 worms
  2 dart slugs
  33 orcs
  8 ball pythons
  4 bats
  10 endoplasms
  4 giant cockroaches
  3 goblins
  6 hobgoblins
  4 jackals (D:1)
  24 kobolds
  7 frilled lizards
  3 goblin zombies (Ossuary)
  7 hobgoblin zombies (Ossuary)
  8 kobold zombies (Ossuary)
  10 orc zombies (Ossuary)
  A rat (D:3)
  A rat zombie (Ossuary)
213 creatures vanquished.

Vanquished Creatures (others)
  A fungus (D:2)
  3 plants (D:2)
4 creatures vanquished.

Grand Total: 217 creatures vanquished

Notes
Turn   | Place    | Note
-------+----------+-------------------------------------------
     0 | D:1      | wilfster70 the Djinni Air Elementalist began the quest for
                  | the Orb.
     0 | D:1      | wilfster70 set off with the following spells memorised:
                  | Shock, Static Discharge, Swiftness, Airstrike.
     0 | D:1      | Reached XP level 1. HP: 15/15 MP: 0/0
   192 | D:1      | Reached XP level 2. HP: 20/21 MP: 0/0
   353 | D:1      | Reached skill level 3 in Spellcasting
   511 | D:1      | Identified a scroll of acquirement
   511 | D:1      | Acquired a manual of Shields
   639 | D:1      | Reached XP level 3. HP: 22/25 MP: 0/0
   639 | D:1      | Learned a level 1 spell: Magic Dart
   737 | D:1      | Acquired a manual of Polearms
  1102 | D:2      | Found a faded altar of an unknown god.
  1503 | D:2      | Reached XP level 4. HP: 20/31 MP: 0/0
  1744 | D:2      | Reached skill level 4 in Spellcasting
  2320 | D:3      | Reached XP level 5. HP: 32/35 MP: 0/0
  2320 | D:3      | Learned a level 2 spell: Searing Ray
  2333 | D:3      | Reached skill level 1 in Polearms
  2607 | D:3      | Found a bloodstained altar of Trog.
  2924 | D:3      | Reached XP level 6. HP: 30/40 MP: 0/0
  3818 | D:3      | Found a shimmering altar of Xom.
  4068 | D:4      | Found a burning altar of Makhleb.
  4072 | D:4      | Became a worshipper of Makhleb the Destroyer
  4179 | D:4      | Found a hazy altar of Hepliaklqana.
  4411 | D:4      | Found an opulent altar of Gozag.
  4463 | D:4      | Found a transporter.
  4466 | D:4      | Noticed jt's ghost (amateur PaHW)
  4473 | D:4      | Found a transporter.
  4484 | D:4      | Reached skill level 5 in Spellcasting
  4849 | D:4      | Found a blossoming altar of Fedhas.
  4849 | D:4      | Found a snail-covered altar of Cheibriados.
  4859 | D:4      | Reached XP level 7. HP: 43/45 MP: 0/0
  4859 | D:4      | Learned a level 2 spell: Ensorcelled Hibernation
  5187 | D:5      | Entered Level 5 of the Dungeon
  5417 | D:4      | HP: 2/45 [orc/+0 short sword (2)]
  6219 | D:5      | Reached * piety under Makhleb
  6226 | D:5      | Reached skill level 6 in Spellcasting
  6226 | D:5      | Reached XP level 8. HP: 28/50 MP: 0/0
  6583 | D:5      | Noticed Pikel
  6671 | D:5      | Noticed Blork the orc
  6986 | D:5      | Killed Pikel
  7254 | D:6      | Reached skill level 1 in Invocations
  7563 | D:6      | Reached XP level 9. HP: 63/64 MP: 0/0
  7563 | D:6      | Learned a level 4 spell: Dispel Undead
  7631 | D:6      | Found a runed translucent door.
  7632 | D:6      | Noticed Crazy Yiuf
  7642 | D:6      | Killed Crazy Yiuf
  7894 | D:6      | Reached skill level 5 in Fighting
  8028 | D:6      | Found a sacrificial altar of Ru.
  8078 | D:6      | Found a glowing golden altar of the Shining One.
  8238 | D:6      | Reached skill level 1 in Evocations
  8843 | D:7      | Reached ** piety under Makhleb
  8958 | D:7      | Found a staircase to the Ecumenical Temple.
  9005 | D:7      | Found a sand-covered staircase.
  9007 | D:7      | Noticed Menkaure
  9015 | D:7      | Killed Menkaure
  9022 | Ossuary  | Entered an ossuary
  9236 | Ossuary  | Reached XP level 10. HP: 22/72 MP: 0/0
  9335 | Ossuary  | Reached skill level 7 in Spellcasting
  9365 | Ossuary  | Reached *** piety under Makhleb
  9975 | D:7      | Found a runed translucent gate.
  9975 | D:7      | Found a runed translucent gate.
  9975 | D:7      | Found a runed translucent gate.
  9975 | D:7      | Noticed Peppero's ghost (novice DrFE)
  9977 | D:7      | Found a basalt altar of Yredelemnul.
 10316 | D:8      | Reached skill level 8 in Spellcasting
 10415 | D:8      | Noticed Amaemon
 10415 | D:8      | Noticed an orange demon
 10426 | D:8      | Killed an orange demon
 10446 | D:8      | HP: 1/72 [scorpion[Amaemon] (3)]
 10451 | D:8      | Slain by a scorpion

Illustrated notes

Levels and vault maps discovered:
D:1:      lemuel_arrival_behind_the_door_large, layout_basic, minivault_24,
          dreamdust_wishing_well, moated_statue, minmay_hedge_maze
D:2:      layout_basic, dreamdust_ecumenical_altar_grove, eino_tiny_chamber,
          minmay_joined_circles
D:3:      layout_loops_ring, bloody_trog, mainiacjoe_overflow_tiny_flanked,
          minmay_fractal_squares_gapless_5
D:4:      layout_basic, bloody_makhleb, lemuel_crystal_altar,
          gammafunk_temple_overflow_pools, grunt_temple_overflow_open,
          gammafunk_ghost_mausoleum
D:5:      layout_cave_pools, minmay_misc_feat_x, uniq_blork_the_orc, uniq_pikel
D:6:      layout_basic, mainiacjoe_overflow_catch_the_wave,
          minmay_misc_feat_pillars, minivault_24, uniq_crazy_yiuf_cottage
D:7:      layout_rooms, nicolae_yredelemnul_ghost_church,
          minmay_temple_entry_ruins, chequers_ossuary_entry_cave,
          corexii_corridor_pit, uniq_menkaure
D:8:      layout_loops_cross, enter_bailey_5, uniq_amaemon

Skill      XL: |  1  2  3  4  5  6  7  8  9 10 |
---------------+-------------------------------+-----
Spellcasting   | 3 4 5 6 8 |  8.4
Polearms       | 1 3 4 6 |  6.0
Fighting       | 4 6 |  6.0
Invocations    | 2 4 |  4.0
Evocations     | 4 |  4.0
Dodging        | |  2.1
Stealth        | |  1.5

Action                   |  1- 3 |  4- 6 |  7- 9 | 10-12 || total
-------------------------+-------+-------+-------+-------++-------
Melee: Halberd           |       |    10 |    19 |       ||    29
       Trident           |       |       |   150 |    88 ||   238
       Punch             |       |       |     3 |       ||     3
 Cast: Shock             |    49 |   117 |   112 |       ||   278
       Static Discharge  |     1 |     7 |     1 |     2 ||    11
       Searing Ray       |       |     6 |    35 |     3 ||    44
       Ensorcelled Hiber |       |       |     2 |       ||     2
       Airstrike         |       |       |    12 |    12 ||    24
       Dispel Undead     |       |       |     2 |     8 ||    10
Evoke: Wand              |       |       |       |     5 ||     5
  Use: Scroll            |     2 |       |    13 |     2 ||    17
       Potion            |       |       |     3 |     3 ||     6
 Stab: Sleeping          |       |       |     1 |       ||     1
Armor: Robe              |     4 |    14 |   131 |    53 ||   202
Dodge: Dodged            |     5 |    45 |   177 |    87 ||   314

Table legend: (Time is in decaauts)
 A = Elapsed time spent in this place.
 B = Non-inter-level travel time spent in this place.
 C = Inter-level travel time spent in this place.
 D = Time resting spent in this place.
 E = Time spent auto-exploring this place.
 F = Levels seen in this place.
 G = Mean time per level.
                   A        B        C        D        E       F      G
               +--------+--------+--------+--------+--------+-----+--------+
         Total |  10463 |  10159 |    304 |   4071 |   3310 |   9 | 1162.6 |
       Dungeon |   9896 |   9592 |    304 |   3969 |   3251 |   8 | 1237.0 |
       Ossuary |    567 |    567 |      0 |    102 |     59 |   1 |  567.0 |
               +--------+--------+--------+--------+--------+-----+--------+

Top non-repeatable levels by time:
     D:4: 1938 daAuts
     D:3: 1774 daAuts
     D:6: 1559 daAuts
     D:2: 1270 daAuts
     D:5: 1162 daAuts
     D:1: 1024 daAuts
     D:7: 999 daAuts
 Ossuary: 567 daAuts
     D:8: 166 daAuts
